 Dungeon Crawl Stone Soup version 0.28-a0-305-g9e858e973b (webtiles) character file.

Game seed: 18186117791243640862

625 timneilson the Covered (level 7, 0/66 HPs)
             Began as a Gargoyle Fighter on Aug 29, 2021.
             Slain by an orc (5 damage)
             ... on level 4 of the Dungeon.
             The game lasted 00:06:18 (3566 turns).

timneilson the Covered (Gargoyle Fighter)           Turns: 3566, Time: 00:06:19

Health: 0/66       AC: 23    Str: 28    XL:     7   Next: 47%
Magic:  7/7        EV: -1    Int:  8    God:
Gold:   142        SH:  0    Dex:  9    Spells: 6/6 levels left

rFire   . . .      SeeInvis .   a - +1 long sword (elec)
rCold   . . .      Faith    .   c - +1 kite shield
rNeg    + + +      Spirit   .   (armour currently unavailable)
rPois   ∞          Reflect  .   (helmet currently unavailable)
rElec   .          Harm     .   (cloak currently unavailable)
rCorr   .          Rampage  .   (gloves currently unavailable)
Will    .....      NoTele   +   (boots currently unavailable)
Stlth   +.........              (no amulet)
HPRegen 0.21/turn               i - +6 ring of strength
MPRegen 0.10/turn               (no ring)

@: confused, tree-form, constricted
A: stationary, stasis, torment immunity, boosted hp, sickness immunity, AC +4,
negative energy resistance 1, (electricity resistance), torment resistance 1,
petrification resistance
a: no special abilities


You were on level 4 of the Dungeon.
You were a tree.
You visited 1 branch of the dungeon, and saw 4 of its levels.

You collected 142 gold pieces.

Inventory:

Hand Weapons
 a - a +1 long sword of electrocution (weapon)
Armour
 c - a +1 kite shield (worn)
 e - a +0 cloak (melded)
 f - a +0 tower shield
 k - a +0 chain mail (melded)
Jewellery
 i - a +6 ring of strength (left branch)
Scrolls
 b - a scroll of amnesia
 o - a scroll of blinking {unknown}
 p - a scroll of enchant weapon
Potions
 h - a potion of curing {unknown}
 j - a potion of cancellation
 m - 3 potions of brilliance
 n - a potion of flight {unknown}


   Skills:
 + Level 4.5 Fighting
 * Level 4.1 Long Blades
 * Level 5.6 Armour
 * Level 5.6 Shields


You had 6 spell levels left.
You didn't know any spells.
Your spell library contained the following spells:

 Spells                   Type           Power      Damage    Failure   Level
 Corona                   Hex            0%         N/A       82%         1
 Blink                    Tloc           N/A        N/A       91%         2
 Ensorcelled Hibernation  Hex/Ice        0%         N/A       91%         2
 Dazzling Flash           Conj/Hex       0%         N/A       99%         3
 Gell's Gravitas          Tloc           0%         N/A       99%         3
 Lesser Beckoning         Tloc           0%         N/A       99%         3
 Teleport Other           Tloc           0%         N/A       99%         3
 Tukima's Dance           Hex            0%         N/A       99%         3
 Agony                    Necr           0%         N/A       100%        5
 Manifold Assault         Tloc           0%         N/A       100%        5
 Silence                  Hex/Air        0%         N/A       100%        5


Dungeon Overview and Level Annotations

Branches:
Dungeon (4/15)
 Temple: D:4-7

Altars:
Kikubaaqudgha


Innate Abilities, Weirdness & Mutations

You are a tree.
Your roots penetrate the ground, keeping you stationary.
You cannot be teleported.
You are immune to unholy pain and torment.
Your maximum health is greatly increased.
Your equipment is partially melded.
You are immune to sickness and miasma.
((Your stone body is resilient. (AC +4)))
You are immune to poison.
You resist negative energy. (rN+)
((You are resistant to electric shocks. (rElec)))
You are resistant to unholy torment.
You are immune to petrification.


Message History

The phantom hits you but does no damage.
The orc hits you with a +0 hand axe.
* * * LOW HITPOINT WARNING * * *
The ball python bites you but does no damage.
The ball python constricts you.
Something hits you but does no damage. x2
The hobgoblin hits you but does no damage.
You block the orc's attack.
You slash something!
Reactivating autopickup.
You feel a bit more experienced. The phantom hits you.
* * * LOW HITPOINT WARNING * * *
You block the orc's attack.
The ball python bites you but does no damage.
The ball python constricts you. Something hits you but does no damage.
Deactivating autopickup; reactivate with Ctrl-A.
You block the hobgoblin's attack. The orc hits you but does no damage.
The orc hits you with a +0 hand axe.
* * * LOW HITPOINT WARNING * * *
The phantom hits you but does no damage.
You closely miss the orc.
The ball python bites you but does no damage.
The ball python constricts you. Something hits you but does no damage.
The orc hits you but does no damage. You block the hobgoblin's attack.
The phantom completely misses you. You block the ball python's attack.
The ball python constricts you. The orc hits you with a +0 hand axe.
* * * LOW HITPOINT WARNING * * *
You hit the orc.
The orc is moderately wounded.
Something hits you but does no damage. The orc hits you but does no damage.
The hobgoblin hits you but does no damage.
The ball python bites you.
* * * LOW HITPOINT WARNING * * *
The ball python constricts you.
The phantom hits you but does no damage.
The orc hits you but does no damage.
You hear some strange, mumbled words.
You are confused.
The hobgoblin hits you but does no damage.
The orc hits you with a +0 short sword.
You die...

..... ..... . ... .. [$
... ... ... ##.## ..(.
.... #..!###.... .....
#l.........
.....g#go........
.....BW♣o........
#.....S){..###..
#.....$....(#### .
##.....#......#### ..
.......#...#...#.###...#
?##.......##..)........#
.........######.##(..##
. ...
...........#..#........#
.##.##
......................##


You could see a phantom, an iguana, 2 orcs, a giant cockroach, 2 hobgoblins and
a ball python.

Vanquished Creatures
  Grinder (D:3)
  Sigmund (D:4)
  A howler monkey (D:4)
  An iguana (D:4)
  2 orc wizards (D:4)
  4 gnolls (D:3)
  5 adders
  2 worms
  3 dart slugs
  9 orcs
  6 bats
  9 endoplasms
  4 giant cockroaches
  3 hobgoblins
  8 jackals
  7 ball pythons
  5 frilled lizards
  5 goblins
  4 kobolds
  6 rats
86 creatures vanquished.

Notes
Turn   | Place    | Note
-------+----------+-------------------------------------------
     0 | D:1      | timneilson the Gargoyle Fighter began the quest for the
                  | Orb.
     0 | D:1      | Reached XP level 1. HP: 14/14 MP: 1/1
   116 | D:1      | Found a faded altar of an unknown god.
   251 | D:1      | Reached XP level 2. HP: 18/19 MP: 2/2
   654 | D:1      | Reached XP level 3. HP: 23/23 MP: 3/3
   751 | D:2      | Found an ancient bone altar of Kikubaaqudgha.
  1822 | D:2      | Reached XP level 4. HP: 27/28 MP: 4/4
  1984 | D:3      | Noticed Grinder
  1993 | D:3      | Killed Grinder
  1994 | D:3      | Reached XP level 5. HP: 9/33 MP: 5/5
  1994 | D:3      | Reached XP level 6. HP: 10/38 MP: 6/6
  2739 | D:3      | Reached skill level 5 in Armour
  2969 | D:3      | Reached skill level 5 in Shields
  3537 | D:4      | Noticed Sigmund
  3546 | D:4      | Killed Sigmund
  3547 | D:4      | Reached XP level 7. HP: 34/44 MP: 7/7
  3557 | D:4      | HP: 2/44 [orc (3)]
  3566 | D:4      | Slain by an orc

Illustrated notes

Levels and vault maps discovered:
D:1:      lightli_arrival_quake, layout_basic, hellmonk_ecumenical_altar_blasted
D:2:      minmay_door_path, layout_basic, basic_altar
D:3:      layout_basic, minmay_misc_feat_room, uniq_grinder
D:4:      layout_cave_pools, nicolae_tso_besieged_by_evil, uniq_sigmund,
          uniq_blork_the_orc

Skill      XL: |  1  2  3  4  5  6 |
---------------+-------------------+-----
Long Blades    | 2 3 4 |  4.1
Armour         | 4 5 |  5.6
Shields        | 4 5 |  5.6
Fighting       | 4 |  4.5

Action                   |  1- 3 |  4- 6 |  7- 9 || total
-------------------------+-------+-------+-------++-------
Melee: Long sword        |   107 |   136 |    17 ||   260
  Use: Scroll            |     8 |     2 |       ||    10
       Potion            |       |     1 |     3 ||     4
Armor: Scale mail        |    31 |       |       ||    31
       Chain mail        |    41 |    97 |    57 ||   195
       Skin              |       |       |    39 ||    39
Dodge: Dodged            |    32 |    36 |    11 ||    79
Block: Kite shield       |    52 |    92 |    39 ||   183

Table legend: (Time is in decaauts)
 A = Elapsed time spent in this place.
 B = Non-inter-level travel time spent in this place.
 C = Inter-level travel time spent in this place.
 D = Time resting spent in this place.
 E = Time spent auto-exploring this place.
 F = Levels seen in this place.
 G = Mean time per level.
                   A        B        C        D        E       F      G
               +--------+--------+--------+--------+--------+-----+--------+
         Total |   3687 |   3450 |    237 |      0 |   2707 |   4 |  921.8 |
       Dungeon |   3687 |   3450 |    237 |      0 |   2707 |   4 |  921.8 |
               +--------+--------+--------+--------+--------+-----+--------+

Top non-repeatable levels by time:
     D:3: 1481 daAuts
     D:2: 1272 daAuts
     D:1: 751 daAuts
     D:4: 183 daAuts
